 Dungeon Crawl Stone Soup version 0.31.0-32-g396128a36d (webtiles) character file.

Game seed: 7610318018573330563

3626 firemarshallily the Fighter (level 9, -1/81 HPs)
             Began as an Armataur Fighter on Mar 30, 2024.
             Was an Elder of Elyvilon.
             Slain by a vault guard
             ... wielding a +0 broad axe
              (11 damage)
             ... in a bailey.
             The game lasted 00:13:09 (6820 turns).

firemarshallily the Fighter (Armataur Fighter)      Turns: 6820, Time: 00:13:09

Health: -1/81      AC: 14    Str: 25    XL:     9   Next: 87%
Magic:  9/9        EV:  5    Int:  9    God:    Elyvilon [****..]
Gold:   460        SH:  5    Dex: 10    Spells: 8/8 levels left

rFire   . . .        a - +0 flail
rCold   . . .        c - +0 buckler
rNeg    . . .        b - +0 scale mail
rPois   .            (no helmet)
rElec   .            y - +0 cloak
rCorr   .            (no gloves)
SInv    .            E - +0 barding
Will    .....        (no amulet) Stlth
                     D - +4 ring of slaying
HPRegen 0.33/turn    (no ring)
MPRegen 0.11/turn

%: roll
@: hasted, very quick
A: large, deformed body, tough skin 3, armoured tail, roll 2
a: Renounce Religion, Purification, Heal Other, Heal Self


You were in a bailey.
You worshipped Elyvilon.
Elyvilon was greatly pleased with you.
You visited 2 branches of the dungeon, and saw 9 of its levels.
You also visited: Bailey.

You collected 460 gold pieces.

Inventory:

Hand Weapons
 a - a +0 flail (weapon)
Missiles
 h - 11 poisoned darts (quivered)
 p - 5 javelins
 w - 4 curare-tipped darts
Armour
 b - a +0 scale mail (worn)
 c - a +0 buckler (worn)
 y - a +0 cloak (worn)
 E - a +0 barding (worn)
Jewellery
 q - the ring of Cayjoe {^Drain rF+ rN+ Int+4 Dex-3}
   (You found it on level 3 of the Dungeon)

   [ring of positive energy]

   Int+4:     It affects your intelligence (+4).
   Dex-3:     It affects your dexterity (-3).
   rF+:       It protects you from fire.
   rN+:       It protects you from negative energy.
   ^Drain:    It drains your maximum health when unequipped.
 z - a ring of fire
 D - a +4 ring of slaying (left hand)
 F - a ring of wizardry
Wands
 G - a wand of iceblast (7)
Scrolls
 e - a scroll of enchant weapon {unknown}
 g - 2 scrolls of revelation
 m - 3 scrolls of poison {unknown}
 n - a scroll of vulnerability
 s - a scroll of teleportation {unknown}
 t - 2 scrolls of blinking {unknown}
 v - 2 scrolls of immolation {unknown}
 A - a scroll of amnesia {unknown}
 B - 2 scrolls of fog {unknown}
 H - a scroll of enchant armour
Potions
 i - 3 potions of haste
 j - a potion of lignification
 l - 2 potions of mutation {unknown}
 o - a potion of ambrosia {unknown}
 r - 3 potions of degeneration
 u - a potion of berserk rage {unknown}
 x - 2 potions of curing
 C - 2 potions of enlightenment {unknown}


   Skills:
 * Level 8.2 Fighting
 * Level 7.9 Maces & Flails
 + Level 7.9 Armour
 - Level 6.5 Shields


You had 8 spell levels left.
You didn't know any spells.
Your spell library contained the following spells:

 Spells                   Type           Power      Damage    Failure   Level
 Sandblast                Erth           0%         2d4       69%         1
 Lesser Beckoning         Tloc           0%         N/A       83%         2
 Dazzling Flash           Conj/Hex       0%         N/A       96%         3
 Gell's Gravitas          Tloc           0%         N/A       96%         3
 Passwall                 Erth           0%         N/A       96%         3
 Stone Arrow              Conj/Erth      0%         3d7       96%         3
 Teleport Other           Tloc           0%         N/A       96%         3
 Volatile Blastmotes      Fire/Tloc      0%         2d10      96%         3
 Brom's Barrelling Bould  Conj/Erth      0%         2d3       100%        4
 Olgreb's Toxic Radiance  Alch           0%         N/A       100%        4
 Starburst                Conj/Fire      0%         6d3       100%        6
 Ozocubu's Refrigeration  Ice            0%         4d7       100%        7
 Discord                  Hex            0%         N/A       100%        8
 Maxwell's Capacitive Co  Air            0%         ∞         100%        8


Dungeon Overview and Level Annotations

Branches:
Dungeon (8/15)             Temple (1/1) D:7          Bailey (1/1)
   Lair: D:8-11

Altars:
Ashenzari
Cheibriados
Dithmenos
Elyvilon
Fedhas
Gozag
Hepliaklqana
Kikubaaqudgha
Nemelex Xobeh
Qazlal
Ru
Sif Muna
Trog
Uskayaw
Vehumet
Wu Jian
Xom
Yredelemnul
The Shining One

Shops:
D:4 (


Innate Abilities, Weirdness & Mutations

Armour fits poorly on your strangely shaped body.
You have extremely tough skin. (AC +3)
You have a long armoured tail.
You regenerate magic and health when rolling toward enemies. (Rampage Regen)


Message History

You hit the vault guard. You tail-slap the vault guard.
The vault guard is moderately wounded.
The vault guard hits you with a +0 broad axe!
You closely miss the vault guard.
The vault guard is moderately wounded.
The vault guard hits you with a +0 broad axe.
* * * LOW HITPOINT WARNING * * *
You feel much better.
The vault guard hits you with a +0 broad axe!!
* * * LOW HITPOINT WARNING * * *
You hit the vault guard but do no damage.
The vault guard is moderately wounded.
You block the vault guard's attack.
You sock the vault guard!
The vault guard is heavily wounded.
The vault guard hits you with a +0 broad axe!!
* * * LOW HITPOINT WARNING * * *
You feel much better.
The vault guard splashes around in the water.
You feel yourself speed up.
The vault guard splashes around in the water.
You sock the vault guard!
You tail-slap the vault guard, but do no damage.
The vault guard is heavily wounded.
You sock the vault guard!
The vault guard is almost dead.
The vault guard hits you with a +0 broad axe!
* * * LOW HITPOINT WARNING * * *
You hit the vault guard but do no damage.
The vault guard is almost dead.
The vault guard hits you with a +0 broad axe!!
* * * LOW HITPOINT WARNING * * *
You feel better.
You barely miss the vault guard.
The vault guard is almost dead.
The vault guard splashes around in the water.
You sock the vault guard!
The vault guard is almost dead.
The vault guard hits you with a +0 broad axe!
You die...

##...## #.....#
#.....# #.....#
#..∩..# ###.....###
##~##...##≈##
##~~~##'##~~≈##
#~~~....@~.~~≈#
##......~.p.~~≈##
#.≈≈≈~~...~.~~~≈#
#'###≈~.)~..~~~≈#
#..~##≈~.÷..~~~≈#
#~..~#≈~....~~~≈###
##~..##≈~.~.~~~≈#.##
~..?#≈)))~~~≈##..##
#~.?#≈~.~≈≈~≈#....##


You could see a vault guard.

Vanquished Creatures
  A vault guard (Bailey)
  Prince Ribbit (Bailey)
  6 humans (Bailey)
  A water moccasin (D:7)
  Duvessa (D:7)
  An ice beast (D:3)
  A sky beast (D:7)
  A centaur (D:5)
  9 bullfrogs
  5 scorpions
  Dowan (D:7)
  2 bombardier beetles
  2 jellies (D:6)
  A hound (D:5)
  2 orc priests
  A gnoll bouda (D:7)
  A sleepcap (D:7)
  3 iguanas
  Natasha (twice) (D:3)
  2 orc wizards
  5 adders
  5 gnolls
  A shadow imp (D:4)
  A white imp (D:6)
  2 ufetubi (D:6)
  2 dart slugs
  A ribbon worm (D:3)
  18 orcs
  3 endoplasms
  2 giant cockroaches
  12 hobgoblins
  8 kobolds
  2 quokkas (D:1)
  6 ball pythons
  3 bats
  A frilled lizard (D:1)
  10 goblins
  5 rats
131 creatures vanquished.

Notes
Turn   | Place    | Note
-------+----------+-------------------------------------------
     0 | D:1      | firemarshallily the Armataur Fighter began the quest for
                  | the Orb.
     0 | D:1      | Reached XP level 1. HP: 18/18 MP: 1/1
   124 | D:1      | Reached XP level 2. HP: 17/25 MP: 2/2
   136 | D:1      | Reached skill level 3 in Fighting
   215 | D:1      | Reached XP level 3. HP: 23/31 MP: 3/3
   500 | D:2      | Found a hazy altar of Hepliaklqana.
   967 | D:3      | Found a shadowy altar of Dithmenos.
   967 | D:3      | Noticed Natasha
   972 | D:3      | Killed Natasha
   973 | D:3      | Reached XP level 4. HP: 24/38 MP: 4/4
  1129 | D:3      | Noticed an ice beast
  1146 | D:3      | Killed an ice beast
  1147 | D:3      | Reached XP level 5. HP: 11/46 MP: 5/5
  1326 | D:3      | Identified the ring of Cayjoe {^Drain rF+ rN+ Int+4 Dex-3}
  1354 | D:3      | Reached skill level 4 in Fighting
  1428 | D:3      | Noticed Natasha
  1433 | D:3      | Killed Natasha
  1449 | D:3      | Found a faded altar of an unknown god.
  1453 | D:3      | Prayed at the altar of an unknown god.
  1453 | D:3      | Became a worshipper of Elyvilon the Healer
  1453 | D:3      | Reached * piety under Elyvilon
  1611 | D:3      | Reached XP level 6. HP: 42/52 MP: 6/6
  2015 | D:4      | Found a broken altar of Ashenzari.
  2089 | D:4      | Noticed a +0 giant spiked club
  2091 | D:4      | Found Zeinev's Weapon Shoppe.
  2093 | D:4      | Noticed a +0 triple crossbow
  2567 | D:4      | Reached ** piety under Elyvilon
  2819 | D:5      | Entered Level 5 of the Dungeon
  2833 | D:5      | Reached skill level 5 in Armour
  2844 | D:5      | Gained mutation: You regenerate magic and health when
                  | rolling toward enemies. (Rampage Regen) [Armataur growth]
  2844 | D:5      | Reached XP level 7. HP: 42/60 MP: 7/7
  2911 | D:5      | Identified the +6 trident of Purpose {flame, rElec rC-
                  | Str+7 Dex+4}
  3121 | D:5      | Found a glowing golden altar of the Shining One.
  3561 | D:5      | Reached *** piety under Elyvilon
  3837 | D:6      | Reached skill level 5 in Fighting
  4161 | D:6      | Reached **** piety under Elyvilon
  4345 | D:6      | Reached skill level 5 in Shields
  4576 | D:6      | Reached skill level 5 in Maces & Flails
  4976 | D:7      | Reached XP level 8. HP: 67/69 MP: 8/8
  5026 | D:7      | Found a staircase to the Ecumenical Temple.
  5257 | Temple   | Entered the Ecumenical Temple
  5437 | D:7      | Reached skill level 6 in Fighting
  5649 | D:7      | Noticed Dowan
  5650 | D:7      | Noticed Duvessa
  5655 | D:7      | Killed Duvessa
  5659 | D:7      | Killed Dowan
  5832 | D:7      | Found a shimmering altar of Xom.
  5832 | D:7      | Found a shimmering altar of Xom.
  5832 | D:7      | Found a shimmering altar of Xom.
  5833 | D:7      | Found a shimmering altar of Xom.
  5833 | D:7      | Found a shimmering altar of Xom.
  5950 | D:8      | Found a flagged portal.
  5965 | Bailey   | Entered a bailey
  6085 | Bailey   | Reached XP level 9. HP: 47/78 MP: 9/9
  6090 | Bailey   | Reached skill level 7 in Fighting
  6518 | Bailey   | Noticed a vault guard
  6518 | Bailey   | Noticed Prince Ribbit
  6546 | Bailey   | Killed a vault guard
  6547 | Bailey   | Reached skill level 8 in Fighting
  6553 | Bailey   | Killed Prince Ribbit
  6783 | Bailey   | Noticed a vault guard
  6812 | Bailey   | HP: 2/81 [vault guard/+0 broad axe (20)]
  6817 | Bailey   | HP: 1/81 [vault guard/+0 broad axe (18)]
  6820 | Bailey   | Slain by a vault guard

Illustrated notes

Levels and vault maps discovered:
D:1:      onia_arrival_pyramid, layout_rooms
D:2:      layout_basic, basic_altar, serial_corexii_hall,
          corexii_hall_statues_x, corexii_hall_statues_deadend, minivault_26
D:3:      layout_loops_ring, nicolae_dithmenos_through_a_glass_darkly,
          hellmonk_ecumenical_altar_inner_sanctum,
          chequers_serial_rivers_micro_a, uniq_natasha
D:4:      layout_loops_cross, mainiacjoe_overflow_alcove_1, serial_shops,
          nicolae_shop_mannequins
D:5:      layout_loops_ring, amcnicky_altar_gilded
D:6:      layout_layer_cave, small_statue_alley_b,
          chequers_serial_rivers_small_3
D:7:      layout_loops_ring, xom_shifter_show, minmay_temple_entry_junction_2,
          chequers_serial_rivers_small_b, serial_bayou_pond_c, uniq_duvessa
D:8:      layout_layer_cave, nicolae_overflow_crystal_walls,
          mainiacjoe_overflow_surrounded_room, enter_bailey_3,
          kennysheep_another_room, minmay_hedge_maze, grunt_decor_one_mirror,
          uniq_grum
Temple:   nicolae_temple_superstar
Bailey:   bailey_axe_froggy_fort_hellmonk, bailey

Skill      XL: |  1  2  3  4  5  6  7  8  9 |
---------------+----------------------------+-----
Maces & Flails | 2 3 4 5 6 7 |  7.9
Fighting       | 3 4 5 6 8 |  8.2
Armour         | 4 5 6 7 |  7.9
Shields        | 4 5 6 |  6.5

Action                     |  1- 3 |  4- 6 |  7- 9 || total
---------------------------+-------+-------+-------++-------
  Melee: Flail             |    85 |   107 |   241 ||   433
         Tailslap          |    10 |     7 |    30 ||    47
  Throw: Javelin           |       |     3 |       ||     3
 Invoke: Heal Self         |       |       |     1 ||     1
    Use: Scroll            |       |       |     7 ||     7
         Potion            |       |       |    11 ||    11
 Armour: Scale mail        |    84 |    77 |   262 ||   423
         Skin              |       |       |    14 ||    14
  Dodge: Dodged            |    51 |    30 |    48 ||   129
  Block: Buckler           |    28 |    21 |    56 ||   105
